Unix NetHack Version 5.0.0-0 post-release - last build May 31 2026 23:59:36 (970b52f25bf058293b47ddfd14a1e40e571c508c,branch:main).

Game began 2026-06-05 19:35:33, ended 2026-06-05 20:32:03.

Anarchos, lawful female dwarven Valkyrie

                              ---
                             --.------------
                ---         |..`...........|    ----
            -----.---     ---.--.-------...|   --..|
          ---.--....|     |...||-|     --..-----...|
          |.).......-- ----.----.--     --.........|
          |...........||....---...|      ----.....--
        ---...........||.--......--         |......
        |.............--.--..-----          ----...       ...
        |....................|                 |-..      .....
        |-....--............)|                --...      -.....      ...-
 ---   --.....---............----            --"..       |.--....   .....- ---
--.----|....--......--....|..>..|            |"...       -.||....---..--...|@--
|...|.---<.....--...| -.-----...----         |"..-      -..|----.."..--|...B.G|
--.....^....-----...-----  --......|         --..-     ...--   --....| ---.|.--
 -.....---- --.......--   |........|          --..-    ..--     |..---   -----
 ......------..---....--  |........|           --... ....|      ----
 -......|.....--|...|..|  |....%--.|            |........|
  ---.....----- |..-----  |.--..|---            --....----
    ------      ----      ---|..|                ---..|
                              ---                  ----
Anarchos the Skirmisher     St:14 Dx:13 Co:17 In:12 Wi:9 Ch:10  Lawful
Dlvl:7  $:232 HP:0(47) Pw:6(6) AC:0  Xp:4 T:2283  Burdened

Latest messages:
 What do you want to drop? [$a-ce-jl-qt-xzA-IK-M or ?*] t
 You drop a statue of a gecko.
 The giant bat misses!
 What do you want to drop? [$a-ce-jl-qu-xzA-IK-M or ?*] M
 You drop 9 rocks.
 The giant bat just misses!
 The giant bat misses!
 You hit the giant bat.
 The giant bat bites!
 The giant bat bites!
 The giant bat misses!
 The giant bat misses!
 You miss the giant bat.
 The giant bat misses!
 The giant bat bites!
 You hit the giant bat.
 The giant bat bites!
 The giant bat misses!
 You miss the giant bat.
 The giant bat bites!
 The giant bat bites!
 The giant bat bites!
 The giant bat misses!
 You miss the giant bat.
 The giant bat bites!
 The giant bat bites!
 You hit the giant bat!
 The giant bat misses!
 The giant bat misses!
 You miss the giant bat.
 The giant bat misses!
 The giant bat bites!
 The giant bat bites!
 The giant bat misses!
 You miss the giant bat.
 The giant bat bites!
 The giant bat bites!
 You miss the giant bat.
 The giant bat bites!
 The giant bat misses!
 The giant bat misses!
 Pick a monster, object or location.
 Pick a monster, object or location.
 What do you want to throw? [$b or ?*] b
 In what direction? 1
 The dagger hits the giant bat.
 The giant bat bites!
 You die...
 Do you want your possessions identified? [ynq] (y) y
 Do you want to see your attributes? [ynq] (y) q

Inventory:
 Coins    ('$')
  $ - 232 gold pieces
 Weapons  (')')
  a - a +1 dwarvish spear (weapon in right hand)
 Armor    ('[')
  g - an uncursed +0 orcish helm (being worn)
  c - an uncursed +3 small shield (being worn)
  o - an uncursed rusty +0 splint mail (being worn)
 Comestibles  ('%')
  C - an uncursed candy bar labeled "Choco Nummer"
  K - an uncursed food ration
  n - an uncursed pear
  i - a cursed tripe ration
  L - a blessed tin of smoked giant ant meat
  p - an uncursed tin of spinach
  h - 2 uncursed lichen corpses
 Scrolls  ('?')
  E - an uncursed scroll of genocide
  F - a blessed scroll of identify
  j - an uncursed scroll of identify
  m - a cursed scroll of light
 Spellbooks  ('+')
  q - an uncursed spellbook of cause fear
 Potions  ('!')
  e - a blessed potion of healing
  l - an uncursed potion of restore ability
  v - an uncursed potion of water
 Wands    ('/')
  D - a wand of probing (0:7)
 Tools    ('(')
  A - an uncursed tin whistle
  f - a tinning kit (0:94)
  w - an uncursed towel
 Gems/Stones  ('*')
  I - an uncursed jade stone
  B - an uncursed worthless piece of blue glass
  H - 2 uncursed worthless pieces of green glass
  x - 2 uncursed worthless pieces of orange glass
  G - an uncursed worthless piece of violet glass
  z - an uncursed worthless piece of white glass
  u - 2 uncursed worthless pieces of yellowish brown glass

Anarchos the Valkyrie's attributes:

Background:
 You were a Skirmisher, a level 4 dwarven Valkyrie.
 You were lawful, on a mission for Tyr
 who was opposed by Odin (neutral) and Loki (chaotic).
 You were right-handed.
 You were in the Gnomish Mines, on level 7.
 You entered the dungeon 2283 turns ago.
 You had 143 experience points, 17 more were needed to attain level 5.

Basics:
 You had 0 out of 47 hit points.
 You had all 6 energy points (spell power).
 Your armor class was 0.
 Your wallet contained 232 zorkmids.
 Autopickup was on for all types.

Final Characteristics:
 Your strength was 14 (peak:18, limit:18/100).
 Your dexterity was 13 (limit:20).
 Your constitution was 17 (limit:20).
 Your intelligence was 12 (limit:16).
 Your wisdom was 9 (limit:16).
 Your charisma was 10 (limit:16).

Final Status:
 You weren't hungry.
 You were burdened; movement was slightly slowed.
 You were wielding a spear.
 You had basic skill with spear.

Final Attributes:
 You were piously aligned.
 You were cold resistant.
 You had infravision.
 You were stealthy.
 You were warded.
 You are dead.

Miscellaneous:
 You didn't encounter any bones levels.
 Total elapsed playing time was 56 minutes and 29 seconds.

Major events:
 Turn
    1: Anarchos the lawful dwarven Valkyrie entered the dungeon
  997: attained the rank of Skirmisher (level 3)
 1171: entered the Gnomish Mines
 2283: killed by a giant bat

You didn't know any spells.

Skills:
 Fighting Skills
   bare handed combat [Unskilled]
   two weapon combat  [Unskilled]
   riding             [Unskilled]
 Weapon Skills
   dagger             [Basic]
   axe                [Unskilled]
   pick-axe           [Unskilled]
   short sword        [Unskilled]
   broadsword         [Unskilled]
   long sword         [Unskilled]
   two-handed sword   [Unskilled]
   saber              [Unskilled]
   hammer             [Unskilled]
   quarterstaff       [Unskilled]
   polearms           [Unskilled]
   spear              [Basic]
   trident            [Unskilled]
   lance              [Unskilled]
   sling              [Unskilled]
 Spellcasting Skills
   attack spells      [Unskilled]
   escape spells      [Unskilled]

Voluntary challenges:
 Character rerolling was not enabled.
 You were illiterate.
 You never genocided any monsters.
 You never polymorphed an object.
 You never changed form.
 You used no wishes.
Achievements:
 You attained the rank of Skirmisher.
 You entered the Gnomish Mines.

 The Dungeons of Doom: levels 1 to 4
    Level 1:
    Level 2:
    Level 3:
       An altar, a fountain.
    Level 4:
       Some fountains.
       Stairs down to The Gnomish Mines.
 The Gnomish Mines: levels 5 to 7
    Level 5:
    Level 6:
    Level 7: <- You were here.
       Final resting place for
          you, killed by a giant bat.


Vanquished creatures:
  a giant spider
  a dingo
  a shrieker
  a giant bat
 an orc zombie
 an iguana
 an acid blob
  2 large kobolds
  a cave spider
  a yellow mold
  4 gnomes
  a garter snake
  3 geckos
  a jackal
  4 lichens
  3 kobold zombies
  3 newts
30 creatures vanquished.

No species were genocided or became extinct.

Game over:
                       ----------
                      /          \
                     /    REST    \
                    /      IN      \
                   /     PEACE      \
                  /                  \
                  |     Anarchos     |
                  |      232 Au      |
                  |   killed by a    |
                  |    giant bat     |
                  |                  |
                  |                  |
                  |       2026       |
                 *|     *  *  *      | *
        _________)/\\_//(\/(/\)/\//\/|_)_______

Farvel Anarchos the Valkyrie...

You died in The Gnomish Mines on dungeon level 7 with 1091 points,
and 232 pieces of gold, after 2283 moves.
You were level 4 with a maximum of 47 hit points when you died.

